 Dungeon Crawl Stone Soup version 0.21.0-3-g78d12a8 (webtiles) character file.

30916 Ignatius881 the Cleaver (level 13, 0/119 HPs)
             Began as a Minotaur Berserker on Jan 14, 2018.
             Was a High Priest of Trog.
             Slain by a killer bee (7 damage)
             ... on level 5 of the Lair of Beasts.
             The game lasted 00:41:00 (15168 turns).

Ignatius881 the Cleaver (Minotaur Berserker)       Turns: 15168, Time: 00:41:01

Health: 0/119      AC: 24    Str: 30    XL:     13   Next: 23%
Magic:  4/4        EV: 15    Int:  6    God:    Trog [*****.]
Gold:   902        SH:  0    Dex: 13    Spells: 12/12 levels left

rFire    . . .     SeeInvis .   M - +4 battleaxe (antimagic)
rCold    . . .     Gourm    .   (shield currently unavailable)
rNeg     . . .     Faith    .   B - +2 plate armour of the Invisible Spirits {Str+3 Int+2}
rPois    .         Spirit   .   t - +2 hat
rElec    .         Reflect  .   U - +0 cloak
rCorr    .         Harm     .   R - +0 pair of gloves
MR       ++...                  a - +0 pair of boots
Stlth    ..........             (no amulet)
HPRegen  1.29/turn              E - +3 ring of strength
MPRegen  0.09/turn              Q - +1 ring of evasion

@: lethally poisoned (0 -> 0), berserk cooldown, regenerating, slowed, very slow
A: retaliatory headbutt, horns 2
a: Berserk, Trog's Hand, Brothers in Arms, Burn Spellbooks, Renounce Religion


You were on level 5 of the Lair of Beasts.
You worshipped Trog.
Trog was extremely pleased with you.
You were hungry.

You visited 3 branches of the dungeon, and saw 17 of its levels.

You collected 902 gold pieces.

Inventory:

Hand Weapons
 C - the +5 trident of Seffas {drain, Dex+4}
   (You found it on level 5 of the Dungeon)

   A truly terrible weapon, it drains the life of those it strikes.
   It affects your dexterity (+4).
 I - a +3 antimagic broad axe
   (Trog gifted it to you on level 11 of the Dungeon)
 M - a +4 antimagic battleaxe (weapon)
   (Trog gifted it to you on level 9 of the Dungeon)
Missiles
 F - 3 throwing nets (quivered) {!f}
Armour
 a - a +0 pair of boots (worn)
   (You found it on level 5 of the Lair of Beasts)
 t - a +2 hat (worn)
   (You found it on level 4 of the Dungeon)
 B - the +2 plate armour of the Invisible Spirits (worn) {Str+3 Int+2}
   (You found it on level 5 of the Dungeon)

   It affects your strength (+3).
   It affects your intelligence (+2).
 R - a +0 pair of gloves (worn)
   (You found it on level 9 of the Dungeon)
 U - a +0 cloak (worn)
   (You took it off Crazy Yiuf on level 4 of the Dungeon)
 V - the +1 robe "Asiav Cafra" {-Cast rC+++}
   (You found it on level 11 of the Dungeon)

   It renders you almost immune to cold.
   It prevents spellcasting.
Jewellery
 l - an uncursed ring of protection from magic
   (You found it on level 8 of the Dungeon)
 E - a +3 ring of strength (left hand)
   (You found it on level 6 of the Dungeon)
 G - an uncursed ring of ice
   (You found it on level 6 of the Dungeon)
 L - an uncursed ring of resist corrosion
   (You found it on level 7 of the Dungeon)
 Q - a +1 ring of evasion (right hand)
   (You found it on level 2 of the Lair of Beasts)
 Z - an uncursed amulet of faith {unknown}
   (You found it on level 4 of the Lair of Beasts)
Wands
 d - a wand of iceblast (8)
   (You found it on level 4 of the Lair of Beasts)
 u - a wand of paralysis (20)
   (You found it on level 11 of the Dungeon)
 v - a wand of digging (25)
   (You took it off Grinder on level 3 of the Dungeon)
 S - a wand of scattershot (6)
   (You found it on level 10 of the Dungeon)
 T - a wand of polymorph (17)
   (You found it on level 11 of the Dungeon)
Scrolls
 i - 6 scrolls of teleportation {@r4}
 j - 4 scrolls of blinking {unknown}
 k - 5 scrolls of immolation {!r}
 m - 5 scrolls of fog
 o - 3 scrolls of enchant armour {unknown}
 q - 4 scrolls of remove curse {@r2}
 w - 3 scrolls of enchant weapon {unknown}
 D - a scroll of magic mapping {unknown}
 H - 3 scrolls of noise {unknown}
 K - 2 scrolls of fear {unknown}
 W - a scroll of silence {unknown}
 X - 2 scrolls of summoning {unknown}
Potions
 h - a potion of brilliance {unknown}
 n - 4 potions of degeneration {unknown}
 p - 4 potions of agility
 r - a potion of might {unknown}
 s - 4 potions of heal wounds {@q2}
 x - 4 potions of haste {@q3}
 z - a potion of flight {unknown}
 A - a potion of invisibility {unknown}
 J - a potion of cancellation {unknown}
 N - 8 potions of curing {@q1}
 O - a potion of resistance {unknown}
Miscellaneous
 P - a phantom mirror
Comestibles
 e - 23 rations


   Skills:
 + Level 12.5 Fighting
 * Level 14.8(15.5) Axes
   Level 0.8(9.9) Maces & Flails
 - Level 8.4(12.6) Polearms
 + Level 12.2 Armour
 + Level 11.3 Dodging


You had 12 spell levels left.
You didn't know any spells.

Dungeon Overview and Level Annotations

Branches:
Dungeon (11/15)            Temple (1/1) D:5            Lair (5/6) D:8
  Swamp (0/4) Lair:4       Spider (0/4) Lair:2          Orc (0/2) D:9
  Slime: Lair:5-6

Altars:
Ashenzari
Cheibriados
Dithmenos
Elyvilon
Fedhas
Gozag
Hepliaklqana
Kikubaaqudgha
Makhleb
Nemelex Xobeh
Okawaru
Qazlal
Ru
Sif Muna
Trog
Uskayaw
Vehumet
Wu Jian
Xom
Yredelemnul
Zin
The Shining One

Shops:
D:8 (

Annotations:
D:9 exclusion: obsidian statue


Innate Abilities, Weirdness & Mutations

You reflexively headbutt those who attack you in melee.
You have a pair of horns on your head.


Message History

Trog accepts your kill.
Your plate armour of the Invisible Spirits prevents you from hitting the meliai.
The meliai calls down the wrath of its god upon you.
Something smites you!
* * * LOW HITPOINT WARNING * * *
All of the chunks of flesh in your inventory have rotted away.
You slice the meliai!! Your headbutt misses the meliai.
You feel sick.
The killer bee stings you but does no damage.
The killer bee barely misses you.
You see here a killer bee corpse.
You feel a strong urge to attack something.
The meliai mumbles some strange prayers to its god against you.
Something smites you!
* * * LOW HITPOINT WARNING * * *
You are no longer berserk.
You are exhausted.
You feel yourself slow down.
You feel sick. The killer bee barely misses you.
The killer bee closely misses you. You furiously retaliate!
You headbutt the killer bee.
The killer bee stings the plant!
The meliai calls upon its god to heal the killer bee.
The killer bee's wounds heal themselves!
The killer bee stings the plant.
The killer bee barely misses you.
The killer bee stings you but does no damage.
The meliai hits the plant but does no damage.
The meliai stings the plant but does no damage.
The meliai closely misses you.
The meliai stings you but does no damage.
The killer bee stings the plant!
The killer bee closely misses you.
The killer bee stings the fungus.
The fungus is poisoned.
The killer bee poisons the fungus!
You feel sick. The killer bee misses you. The killer bee completely misses you.
You furiously retaliate!
You headbutt the killer bee, but do no damage.
The killer bee stings the plant.
The meliai calls down the wrath of its god upon you.
Something smites you!
* * * LOW HITPOINT WARNING * * *
The killer bee stings you but does no damage.
The meliai hits you but does no damage.
The meliai stings you but does no damage.
The killer bee stings the plant but does no damage.
The killer bee stings you.
* * * LOW HITPOINT WARNING * * *
You feel sick.
The meliai calls upon its god to heal the meliai.
The meliai is healed somewhat.
The killer bee closely misses you. The killer bee stings you!
You die...

.%.%# ##.#.. ##..PD.
#.....# ...#.# ###
#.+##..######### ..##
##....)††.P.y##(###..P#
#.......†D.yyy.##PP+.## #
#.(.........y@...P....#P.
P.........P.y........#...
..........#..###.....P..#
..........#####.........#
#........## ###....P##
#......... ##....##
#........# #......#
##....#### # #..+#.##.#


You could see an eight-headed hydra, 2 meliai and 4 killer bees.

Vanquished Creatures
  A dire elephant (Lair:4)
  A hydra (Lair:1)
  A centaur warrior (D:11)
  2 unseen horrors
  3 ugly things (D:11)
  A cyclops (D:11)
  3 black mambas
  22 elephants
  A gargoyle (D:11)
  5 spiny frogs
  2 rime drakes
  A komodo dragon (Lair:3)
  3 trolls
  A queen bee (Lair:5)
  A tengu conjurer (D:11)
  A meliai (Lair:5)
  Grinder (D:3)
  3 blink frogs (Lair:2)
  5 hippogriffs
  Sigmund (D:4)
  2 wyverns
  17 yaks
  3 hogs (D:7)
  A vampire (D:11)
  A human (D:7)
  A basilisk (Lair:3)
  A two-headed ogre zombie (D:9)
  4 hungry ghosts
  6 water moccasins
  Duvessa (D:4)
  7 porcupines
  3 sky beasts
  2 ice beasts
  2 orc warriors
  3 phantoms
  A black bear (D:9)
  4 wolves (Lair:3)
  2 ogres
  8 centaurs
  9 crocodiles
  Dowan (D:4)
  15 bullfrogs
  A scorpion (D:5)
  14 killer bees (Lair:5)
  5 electric eels
  3 crimson imps
  5 hounds
  4 jellies
  7 orc priests
  2 bullfrog skeletons
  Crazy Yiuf (D:4)
  A gnoll shaman (D:6)
  Natasha (D:4)
  3 orc wizards
  10 worker ants
  7 ogre zombies (D:9)
  2 hound skeletons (D:11)
  2 worker ant zombies
  4 gnolls (D:6)
  13 adders
  5 shadow imps
  10 oozes
  An adder skeleton (D:4)
  7 worms
  4 dart slugs
  3 leopard geckos
  23 orcs
  3 ball pythons
  8 giant cockroaches
  6 goblins
  5 hobgoblins
  3 jackals (D:8)
  12 kobolds
  4 quokkas
  3 bats
  8 frilled lizards
  3 goblin skeletons (D:9)
  A goblin zombie (D:9)
  2 hobgoblin skeletons (D:9)
  2 hobgoblin zombies (D:9)
  A leopard gecko skeleton (D:6)
  4 orc skeletons (D:9)
  13 orc zombies (D:9)
  12 rats
  8 fungi
  2 plants (Lair:4)
391 creatures vanquished.

Vanquished Creatures (collateral kills)
  An ugly thing (D:11)
1 creature vanquished.

Vanquished Creatures (others)
  4 bushes (Lair:1)
  70 fungi
  25 plants
  9 toadstools (D:2)
108 creatures vanquished.

Grand Total: 500 creatures vanquished

Notes
Turn   | Place    | Note
-------+----------+-------------------------------------------
     0 | D:1      | Ignatius881 the Minotaur Berserker began the quest for the Orb.
     0 | D:1      | Reached XP level 1. HP: 19/19 MP: 0/0
   161 | D:1      | Reached XP level 2. HP: 26/27 MP: 1/1
   205 | D:1      | Reached skill level 4 in Axes
   659 | D:2      | Reached XP level 3. HP: 30/33 MP: 2/2
   785 | D:2      | Reached ** piety under Trog
   785 | D:2      | Reached XP level 4. HP: 40/40 MP: 3/3
  1043 | D:2      | Reached skill level 5 in Axes
  1254 | D:2      | Reached XP level 5. HP: 38/47 MP: 4/4
  1543 | D:2      | Found an ancient bone altar of Kikubaaqudgha.
  1545 | D:2      | Found a glowing silver altar of Zin.
  1598 | D:3      | Found a snail-covered altar of Cheibriados.
  1618 | D:3      | Reached *** piety under Trog
  1726 | D:3      | Noticed Grinder
  1742 | D:3      | Paralysed by Grinder for 6 turns
  1756 | D:3      | Killed Grinder
  1756 | D:3      | Reached skill level 5 in Fighting
  1756 | D:3      | Reached skill level 6 in Axes
  1756 | D:3      | Reached XP level 6. HP: 19/56 MP: 5/5
  2622 | D:4      | Noticed Duvessa
  2622 | D:4      | Noticed Dowan
  2629 | D:4      | Killed Duvessa
  2629 | D:4      | Reached XP level 7. HP: 61/61 MP: 6/6
  2635 | D:4      | Killed Dowan
  2635 | D:4      | Reached skill level 7 in Axes
  2825 | D:4      | Reached skill level 5 in Armour
  2831 | D:4      | Noticed Natasha
  2834 | D:4      | Killed Natasha
  2919 | D:4      | Noticed Sigmund
  2928 | D:4      | Killed Sigmund
  3142 | D:4      | Reached XP level 8. HP: 62/70 MP: 7/7
  3304 | D:4      | Found a glowing golden altar of the Shining One.
  3589 | D:4      | Found a runed door.
  3593 | D:4      | Noticed Crazy Yiuf
  3597 | D:4      | Killed Crazy Yiuf
  3597 | D:4      | Reached skill level 5 in Dodging
  3697 | D:5      | Entered Level 5 of the Dungeon
  3718 | D:5      | Got a heavily runed plate armour
  3729 | D:5      | Identified the +2 plate armour of the Invisible Spirits {Str+3 Int+2} (You found it on level 5 of the Dungeon)
  3753 | D:5      | Got a crude trident
  3754 | D:5      | Identified the +5 trident of Seffas {drain, Dex+4} (You found it on level 5 of the Dungeon)
  3766 | D:5      | Reached skill level 1 in Polearms
  4344 | D:5      | Found a staircase to the Ecumenical Temple.
  4518 | Temple   | Entered the Ecumenical Temple
  5407 | D:6      | Reached **** piety under Trog
  5427 | D:6      | Found a sparkling altar of Nemelex Xobeh.
  5624 | D:7      | Reached skill level 5 in Polearms
  5663 | D:7      | Reached XP level 9. HP: 79/79 MP: 8/8
  6563 | D:8      | Found Alui's Weapon Boutique.
  6801 | D:8      | Found a staircase to the Lair.
  7081 | D:9      | Reached ***** piety under Trog
  7164 | D:9      | Received a gift from Trog
  7186 | D:9      | Found a staircase to the Orcish Mines.
  7207 | D:9      | Reached XP level 10. HP: 87/90 MP: 9/9
  7243 | D:9      | Reached skill level 8 in Axes
  7298 | D:9      | Found a bloodstained altar of Trog.
  7298 | D:9      | Found a shadowy altar of Dithmenos.
  7424 | D:9      | Noticed an obsidian statue
  7481 | D:9      | Killed an unseen horror
  8629 | D:10     | Entered Level 10 of the Dungeon
  8712 | D:10     | Reached skill level 9 in Axes
  9338 | D:11     | Noticed a cyan ugly thing
  9338 | D:11     | Noticed a gargoyle
  9346 | D:11     | Killed a gargoyle
  9346 | D:11     | Received a gift from Trog
  9362 | D:11     | Killed a cyan ugly thing
  9483 | D:11     | Noticed a centaur warrior
  9492 | D:11     | Reached skill level 10 in Axes
  9494 | D:11     | Killed a centaur warrior
  9494 | D:11     | Reached XP level 11. HP: 51/99 MP: 3/10
  9552 | D:11     | Reached skill level 10 in Fighting
  9559 | D:11     | Killed an unseen horror
  9840 | D:11     | Noticed a cyan ugly thing
  9846 | D:11     | Killed a cyan ugly thing
  9913 | D:11     | Noticed a deep elf mage
  9913 | D:11     | Noticed an orc knight
  9915 | D:11     | Noticed an ice dragon
  9917 | D:11     | Noticed a centaur warrior
  9917 | D:11     | Noticed a purple ugly thing
  9949 | D:11     | Reached skill level 11 in Axes
 10052 | D:11     | Noticed a white ugly thing
 10057 | D:11     | Killed a white ugly thing
 10057 | D:11     | Reached skill level 10 in Armour
 10198 | D:11     | Got a fine robe
 10204 | D:11     | Identified the +1 robe "Asiav Cafra" {-Cast rC+++} (You found it on level 11 of the Dungeon)
 10302 | D:11     | Noticed a white ugly thing
 10306 | D:11     | Found a sacrificial altar of Ru.
 10310 | D:11     | Killed a white ugly thing
 10622 | Lair:1   | Entered Level 1 of the Lair of Beasts
 11061 | Lair:1   | Noticed a five-headed hydra
 11068 | Lair:1   | Killed a six-headed hydra
 11068 | Lair:1   | Reached skill level 12 in Axes
 12148 | Lair:2   | Reached XP level 12. HP: 99/110 MP: 3/11
 12238 | Lair:2   | Found a hole to the Spider Nest.
 12308 | Lair:2   | Reached skill level 10 in Dodging
 12522 | Lair:2   | Received a gift from Trog
 12707 | Lair:2   | Reached skill level 13 in Axes
 14154 | Lair:4   | Found a staircase to the Swamp.
 14370 | Lair:4   | Reached skill level 14 in Axes
 14798 | Lair:4   | Noticed a dire elephant
 14810 | Lair:4   | Killed a dire elephant
 14810 | Lair:4   | Reached XP level 13. HP: 118/118 MP: 4/12
 15168 | Lair:5   | Slain by a killer bee

Skill      XL: |  1  2  3  4  5  6  7  8  9 10 11 12 13 |
---------------+----------------------------------------+-----
Axes           | 4 5 6 7 10 12 14 | 14.8
Fighting       | 4 5 6 7 8 9 11 12 | 12.5
Armour         | 3 4 5 6 8 9 10 11 12 | 12.2
Dodging        | 3 4 6 7 8 9 11 | 11.3
Polearms       | 5 8 |  8.4
Maces & Flails | |  0.8

Action                   |  1- 3 |  4- 6 |  7- 9 | 10-12 | 13-15 || total
-------------------------+-------+-------+-------+-------+-------++-------
Melee: Hand axe          |    48 |   130 |    50 |       |       ||   228
       Headbutt          |     5 |    30 |    52 |   117 |     9 ||   213
       Trident           |       |       |   213 |    17 |       ||   230
       Flail             |       |       |    29 |       |       ||    29
       Battleaxe         |       |       |       |   378 |    44 ||   422
Invok: Berserk           |       |     3 |     3 |     9 |     2 ||    17
       Trog's Hand       |       |     2 |     1 |     7 |     1 ||    11
       Burn Spellbooks   |       |       |     1 |     4 |       ||     5
       Brothers in Arms  |       |       |       |     2 |       ||     2
  Use: Scroll            |       |       |     7 |     7 |       ||    14
 Stab: Sleeping          |     1 |       |       |       |       ||     1
  Eat: Chunk             |       |     6 |    19 |    27 |     1 ||    53
       Ration            |       |     1 |     1 |     3 |     1 ||     6
Armor: Scale mail        |    18 |    42 |       |       |       ||    60
       Plate armour      |       |    14 |   145 |   290 |    33 ||   482
Dodge: Dodged            |    21 |    74 |    97 |   257 |    71 ||   520
